 Dungeon Crawl Stone Soup version 0.31-a0-198-g2ad674f65e (webtiles) character file.

Game seed: 12342047120928794903

317 qw the Skirmisher (level 6, -4/37 HPs)
             Began as a Deep Elf Hunter on June 25, 2023.
             Slain by Duvessa
             ... wielding a +0 short sword
              (8 damage)
             ... on level 4 of the Dungeon.
             The game lasted 00:01:06 (2559 turns).

qw the Skirmisher (Deep Elf Hunter)                 Turns: 2559, Time: 00:01:06

Health: -4/37      AC:  6    Str: 10    XL:     6   Next: 20%
Magic:  8/8        EV: 11    Int: 14    God:
Gold:   156        SH:  0    Dex: 18    Spells: 5/5 levels left

rFire   . . .        Y - +2 shortbow
rCold   . . .        (shield currently unavailable)
rNeg    . . .        b - +0 ring mail
rPois   .            e - +0 helmet
rElec   .            (no cloak)
rCorr   .            (no gloves)
SInv    .            (no boots)
Will    .....        (no amulet)
Stlth   +            (no ring)
HPRegen 0.26/turn    (no ring)
MPRegen 0.11/turn

%: no passive effects
@: lethally poisoned (-4 -> -13), lit by a corona, about to teleport, glowing
A: no striking features
a: no special abilities


You were on level 4 of the Dungeon.
You visited 1 branch of the dungeon, and saw 4 of its levels.

You collected 156 gold pieces.


   Skills:
 - Level 3.0 Fighting
 + Level 9.0 Ranged Weapons
 - Level 2.4 Dodging
 - Level 1.2 Stealth


You had 5 spell levels left.
You didn't know any spells.
Your spell library was empty.

Inventory:

Hand Weapons
 Y - a +2 shortbow (weapon)
Armour
 b - a +0 ring mail (worn)
 e - a +0 helmet (worn)
Scrolls
 a - a scroll of identify
 c - a scroll of immolation {unknown}
Potions
 d - a potion of berserk rage {unknown}
 f - a potion of curing
 g - a potion of brilliance {unknown}
 h - a potion of enlightenment {unknown}

Dungeon Overview and Level Annotations

Branches:
Dungeon (4/15)
 Temple: D:4-7

Altars:

Annotations:
D:3 1 runed translucent door, qw's ghost, amateur DEHu
D:4 Dowan; Duvessa


Message History

You shoot an arrow. The arrow hits Dowan!
Dowan is heavily wounded.
You shoot an arrow. The arrow hits Dowan.
Dowan is heavily wounded.
Dowan hits you but does no damage.
Duvessa gestures with her weapon.
Duvessa drinks a potion.
Duvessa flickers and vanishes!
Deactivating autopickup; reactivate with Ctrl-A.
You shoot an arrow. The arrow misses Dowan.
Dowan smirks and points a slender finger.
Dowan casts a spell at you.
You are outlined in light.
The hobgoblin barely misses you.
You shoot an arrow. The arrow closely misses Dowan.
The hobgoblin closely misses you.
You shoot an arrow.
The arrow hits Dowan but does no damage.
Dowan is heavily wounded.
Dowan hits you with a +0 dagger of venom.
You are poisoned.
The hobgoblin barely misses you. Something hits you.
You shoot an arrow. The arrow hits Dowan.
Dowan is severely wounded.
You feel sick.
Dowan hits you with a +0 dagger of venom.
You are more poisoned.
Something hits you.
The hobgoblin hits you but does no damage.
Dowan points at you and mumbles some strange words.
The puff of flame hits you!
The hobgoblin hits you but does no damage.
Something hits you.
You shoot an arrow. The arrow completely misses Dowan.
You feel very sick. Something hits you. Dowan barely misses you.
The hobgoblin misses you.
2559 ||| READING scroll of teleportation.
As you read the scroll of teleportation, it crumbles to dust.
You feel strangely unstable.
You feel very sick. Something hits you!
You die...

#># #.........
#.####.######
#...........#
####..........
#.#.####.#. ##.#.# #
##....####.#.#
########.###.eg......
.........# #.@.......
########.###.###.....
##...## .#.# ##.##
#...........
#...########.# ##. ..
##


You could see Dowan and a hobgoblin.

Vanquished Creatures
  Menkaure (D:4)
  A hound (D:4)
  An iguana (D:4)
  An orc wizard (D:3)
  Robin (D:2)
  2 adders
  2 worms
  A dart slug (D:2)
  4 orcs
  6 endoplasms
  2 giant cockroaches
  14 goblins
  7 hobgoblins
  2 jackals (D:2)
  5 kobolds
  3 quokkas
  5 ball pythons
  8 bats
  4 frilled lizards
  3 rats
73 creatures vanquished.

Notes
Turn   | Place    | Note
-------+----------+-------------------------------------------
     0 | D:1      | qw the Deep Elf Hunter began the quest for the Orb.
     0 | D:1      | Reached XP level 1. HP: 12/12 MP: 3/3
     0 | D:1      | 0 ||| qw: Version: 0.3-a-22-g0ed2b0b
     0 | D:1      | 0 ||| qw: Game counter: 5350
     0 | D:1      | 0 ||| qw: Melee chars always use a shield: true
     0 | D:1      | 0 ||| qw: God list: Okawaru
     0 | D:1      | 0 ||| qw: Allow faded altars: false
     0 | D:1      | 0 ||| qw: Do Orc after clearing Dungeon:15 true
     0 | D:1      | 0 ||| qw: Do second Lair branch before Depths: true
     0 | D:1      | 0 ||| qw: Lair rune preference: random
     0 | D:1      | 0 ||| qw: Goals: Normal
     0 | D:1      | 0 ||| PLANNING D:1-11
   124 | D:1      | Reached XP level 2. HP: 16/16 MP: 4/4
   125 | D:1      | Reached skill level 6 in Ranged Weapons
   343 | D:1      | Found a faded altar of an unknown god.
   801 | D:1      | 801 ||| UPGRADING to +1 robe of willpower.
   811 | D:1      | 811 ||| DROPPING ring of wizardry.
   812 | D:1      | 812 ||| READING scroll labelled BONITE CUHIYSEFF.
   913 | D:1      | 913 ||| READING scroll labelled ARAUMOLUACK.
   914 | D:1      | 914 ||| READING scroll labelled AKLOKIMOHA.
   915 | D:1      | 915 ||| DROPPING scroll of butterflies.
   993 | D:2      | Reached XP level 3. HP: 20/20 MP: 5/5
  1052 | D:2      | Noticed Robin
  1060 | D:2      | Reached skill level 7 in Ranged Weapons
  1069 | D:2      | Killed Robin
  1070 | D:2      | 1070 ||| FLEEEEING.
  1071 | D:2      | 1071 ||| FLEEEEING.
  1072 | D:2      | 1072 ||| FLEEEEING.
  1073 | D:2      | 1073 ||| FLEEEEING.
  1074 | D:2      | 1074 ||| FLEEEEING.
  1075 | D:2      | 1075 ||| FLEEEEING.
  1076 | D:2      | 1076 ||| FLEEEEING.
  1077 | D:2      | 1077 ||| FLEEEEING.
  1078 | D:2      | 1078 ||| FLEEEEING.
  1079 | D:2      | 1079 ||| FLEEEEING.
  1080 | D:2      | 1080 ||| FLEEEEING.
  1081 | D:2      | 1081 ||| FLEEEEING.
  1082 | D:2      | 1082 ||| FLEEEEING.
  1083 | D:2      | 1083 ||| FLEEEEING.
  1084 | D:2      | 1084 ||| FLEEEEING.
  1094 | D:2      | 1094 ||| FLEEEEING.
  1095 | D:2      | 1095 ||| FLEEEEING.
  1096 | D:2      | 1096 ||| FLEEEEING.
  1097 | D:2      | 1097 ||| FLEEEEING.
  1098 | D:2      | 1098 ||| FLEEEEING.
  1310 | D:2      | Reached XP level 4. HP: 25/25 MP: 6/6
  1568 | D:2      | 1568 ||| UPGRADING to +0 ring mail.
  1578 | D:2      | 1578 ||| DROPPING +0 leather armour.
  1579 | D:2      | 1579 ||| UPGRADING to +0 helmet.
  1584 | D:2      | 1584 ||| DROPPING +1 robe of willpower.
  1585 | D:2      | 1585 ||| READING 2 scrolls labelled KOEBUOS XEHOUP.
  1586 | D:2      | 1586 ||| READING scroll labelled KINAXZ GECH.
  1665 | D:3      | Found a runed translucent door.
  1689 | D:3      | Reached skill level 8 in Ranged Weapons
  2013 | D:3      | Noticed qw's ghost (amateur DEHu)
  2015 | D:3      | 2015 ||| READING scroll labelled IJUTSO ZYAHOJ.
  2016 | D:3      | 2016 ||| READING scroll labelled NAOKUMM BEIRI.
  2017 | D:3      | 2017 ||| DRINKING 2 blue potions.
  2018 | D:3      | 2018 ||| DRINKING 2 brown potions.
  2019 | D:3      | 2019 ||| DROPPING potion of degeneration.
  2058 | D:4      | Reached XP level 5. HP: 23/29 MP: 7/7
  2086 | D:4      | 2086 ||| READING scroll of enchant weapon.
  2086 | D:4      | 2086 ||| ENCHANTING +1 shortbow.
  2265 | D:4      | 2265 ||| FLEEEEING.
  2312 | D:4      | Reached skill level 9 in Ranged Weapons
  2427 | D:4      | Noticed Menkaure
  2433 | D:4      | Killed Menkaure
  2434 | D:4      | Reached skill level 3 in Fighting
  2434 | D:4      | Reached XP level 6. HP: 13/37 MP: 8/8
  2549 | D:4      | Noticed Dowan
  2550 | D:4      | Noticed Duvessa
  2558 | D:4      | HP: 9/37 [poisoned by Dowan]
  2559 | D:4      | 2559 ||| READING scroll of teleportation.
  2559 | D:4      | HP: 4/37 [poisoned by Dowan]
  2559 | D:4      | Slain by Duvessa

Levels and vault maps discovered:
D:1:      matt_arrival_los_fun, layout_basic,
          shapermc_ecumenical_altar_mp_highgroup
D:2:      layout_loops_ring, feat_on_display, uniq_robin
D:3:      layout_rooms, ebering_ghost_reflecting_pool, serial_bayou_pond_d
D:4:      layout_loops_ring, led_xom_imps, uniq_duvessa, uniq_menkaure

Skill      XL: |  1  2  3  4  5 |
---------------+----------------+-----
Ranged Weapons | 6 7 8 9 |  9.0
Fighting       | 3 |  3.0
Dodging        | |  2.4
Stealth        | |  1.2

Action                     |  1- 3 |  4- 6 || total
---------------------------+-------+-------++-------
   Fire: Shortbow          |   101 |   123 ||   224
    Use: Scroll            |     3 |     6 ||     9
         Potion            |       |     2 ||     2
 Armour: Leather armour    |     4 |       ||     4
         Robe              |     2 |     2 ||     4
         Ring mail         |       |    18 ||    18
  Dodge: Dodged            |    21 |    37 ||    58

Table legend:
 A = Non-vault XP
 B = Vault XP
 C = Vault XP percentage of total XP
 D = Non-vault monster count
 E = Vault monster count
 F = Vault count percentage of total count
                 A         B        C        D         E       F
            +---------+---------+-------+---------+---------+-------
      Total |     242 |     211 |  46.6 |      59 |      14 |  19.2
            +---------+---------+-------+---------+---------+-------
        D:1 |      31 |       0 |   0.0 |      20 |       0 |   0.0
        D:2 |      44 |      39 |  47.0 |      16 |      13 |  44.8
        D:3 |      67 |       0 |   0.0 |      15 |       0 |   0.0
        D:4 |     100 |     172 |  63.2 |       8 |       1 |  11.1
            +---------+---------+-------+---------+---------+-------
